 Dungeon Crawl Stone Soup version 0.24.0-13-gcf9b3192b9 (webtiles) character file.

Game seed: 16966387782852457287, levelgen mode: deterministic

4463 Delamore the Severer (level 10, -9/77 HPs)
             Began as a Hill Orc Fighter on Nov 10, 2019.
             Was a Priest of Okawaru.
             Mangled by an orc warrior
             ... wielding a +0 war axe
              (29 damage)
             ... in a bailey.
             The game lasted 00:18:02 (8740 turns).

Delamore the Severer (Hill Orc Fighter)             Turns: 8740, Time: 00:18:03

Health: -9/77      AC: 15    Str: 30    XL:     10   Next: 37%
Magic:  10/10      EV:  6    Int: 13    God:    Okawaru [***...]
Gold:   121        SH: 10    Dex: 10    Spells: 9/9 levels left

rFire    . . .     SeeInvis .   a - +1 war axe
rCold    + . .     Gourm    .   c - +0 shield
rNeg     . . .     Faith    +   v - +1 chain mail "Antam" {MR- rCorr Str+2 Int+5}
rPois    .         Spirit   .   (no helmet)
rElec    .         Reflect  .   A - +2 cloak {+Inv}
rCorr    +         Harm     .   N - +0 pair of gloves
MR       .....                  t - +0 pair of boots
Stlth    ..........             L - amulet of faith
HPRegen  0.22/turn              n - ring of protection from cold
MPRegen  0.12/turn              (no ring)

@: mighty
A: no striking features
a: Heroism, Renounce Religion, Evoke Invisibility


You were in a bailey.
You worshipped Okawaru.
Okawaru was most pleased with you.
You were not hungry.

You visited 1 branch of the dungeon, and saw 9 of its levels.
You also visited: Ossuary and Bailey.

You collected 396 gold pieces.
You spent 275 gold pieces at shops.

Inventory:

Hand Weapons
 a - a +1 war axe (weapon)
Missiles
 b - 3 throwing nets
 e - 7 atropa-tipped darts (quivered)
Armour
 c - a +0 shield (worn)
 t - a +0 pair of boots (worn)
 v - the +1 chain mail "Antam" (worn) {MR- rCorr Str+2 Int+5}
   (You found it on level 4 of the Dungeon)

   It affects your strength (+2).
   It affects your intelligence (+5).
   It affects your resistance to hostile enchantments.
   It provides partial protection from all sources of acid and corrosion.
 A - a +2 cloak of invisibility (worn)
 N - a +0 pair of gloves (worn)
Jewellery
 n - a ring of protection from cold (left hand)
 B - an uncursed ring of ice
 L - an amulet of faith (around neck)
 M - an uncursed ring of ice
Wands
 h - a wand of digging (4)
 s - a wand of random effects (22)
 x - a wand of enslavement (8)
 D - a wand of iceblast (13)
 K - a wand of paralysis (11)
Scrolls
 d - a scroll of immolation
 g - 3 scrolls of remove curse
 i - 2 scrolls of random uselessness {unknown}
 j - 3 scrolls of enchant armour {unknown}
 m - a scroll of fog
 o - 6 scrolls of teleportation
 q - 2 scrolls of blinking
 r - a scroll of noise
 u - a scroll of amnesia {unknown}
 w - a scroll of brand weapon
 y - 3 scrolls of magic mapping
Potions
 k - a potion of flight
 l - 6 potions of curing
 p - 3 potions of resistance
 z - 2 potions of cancellation
 E - 2 potions of invisibility
 G - a potion of ambrosia
 H - a potion of mutation
 I - a potion of magic
 P - a potion of brilliance
Comestibles
 f - 16 rations
 O - 5 chunks of flesh


   Skills:
 - Level 3.6 Fighting
 + Level 17.8 Axes
 - Level 3.2 Armour
 - Level 3.2 Shields


You had 9 spell levels left.
You didn't know any spells.
Your spell library contained the following spells:

 Spells                   Type           Power        Failure   Level  Hunger
 Animate Skeleton         Necr           N/A          100%        1    ##.....
 Apportation              Tloc           #.....       100%        1    ##.....
 Confusing Touch          Hex            #.....       100%        1    ##.....
 Corona                   Hex            #......      100%        1    ##.....
 Pain                     Necr           #...         100%        1    ##.....
 Summon Small Mammal      Summ           #...         100%        1    ##.....
 Slow                     Hex            #.......     100%        2    ###....
 Inner Flame              Hex/Fire       #.......     100%        3    ####...
 Portal Projectile        Hex/Tloc       #.....       100%        3    ####...
 Regeneration             Chrm/Necr      #.........   100%        3    ####...
 Vampiric Draining        Necr           #.........   100%        3    ####...
 Animate Dead             Necr           N/A          100%        4    #####..
 Cause Fear               Hex            #.........   100%        4    #####..
 Leda's Liquefaction      Hex/Erth       #.........   100%        4    #####..


Dungeon Overview and Level Annotations

Branches:
Dungeon (9/15)             Temple (0/1) D:6         Ossuary (visited)
 Bailey (1/1)
   Lair: D:8-11         Orc: D:9-12

Altars:
Gozag
Makhleb
Okawaru
Qazlal
Sif Muna
Uskayaw
Vehumet
Xom
Yredelemnul
The Shining One

Shops:
D:5 ?


Message History

The orc warrior is heavily wounded.
You closely miss the orc knight. The orc knight completely misses you.
The orc warrior hits you with a +0 war axe!!
You hit the orc warrior but do no damage.
The orc warrior is heavily wounded.
You hit the orc knight. You slash the orc warrior!
The orc warrior is severely wounded.
You hit the orc knight but do no damage.
The orc knight hits you with a +0 battleaxe!
The orc warrior hits you with a +0 war axe.
You hit the orc warrior but do no damage.
The orc warrior is severely wounded.
Your shield and chain mail "Antam" prevent you from hitting the orc knight.
You block the orc knight's attack.
The orc warrior hits you with a +0 war axe!
* * * LOW HITPOINT WARNING * * *
You feel very mighty all of a sudden.
The orc warrior hits you with a +0 war axe!!
You die...

.)##........)##.....##
.).).........).).....#
.))##.......##.).....##
....#.......#)))......#
....##.....##.........##
.....#######.....⌠.....#
....## ##.........##
....# #.........# ...##
##..@o...## ...#
#..o....# ##..)..##
####)## ##..)))##
#.......# ##.......##
#.........#
##.........##


You could see an orc knight and an orc warrior.

Vanquished Creatures
  Maurice (D:8)
  Prince Ribbit (D:8)
  Sigmund (D:6)
  A basilisk (D:8)
  Menkaure (Ossuary)
  Duvessa (D:4)
  2 orc warriors
  3 black bears
  3 ogres
  2 phantoms
  An elf zombie (Ossuary)
  Blork the orc (D:4)
  A big kobold (D:7)
  A gnoll sergeant (D:8)
  5 bullfrogs
  Dowan (D:4)
  4 scorpions
  A troll zombie (Ossuary)
  12 wights
  A howler monkey (D:5)
  4 centaur zombies
  2 orc priests
  5 hounds
  Crazy Yiuf (D:3)
  2 bullfrog zombies
  An orc wizard (D:7)
  A bullfrog skeleton (D:8)
  2 iguanas
  11 worker ants
  An ogre zombie (Ossuary)
  A hound zombie (D:5)
  7 mummies
  2 worker ant zombies (D:6)
  6 gnolls
  5 adders
  A shadow imp (D:7)
  2 oozes
  5 adder zombies (Ossuary)
  2 adder skeletons
  2 worms (D:2)
  A dart slug (D:3)
  8 leopard geckos
  28 orcs
  7 bats
  9 giant cockroaches
  26 goblins
  22 hobgoblins
  5 jackals (D:6)
  9 kobolds
  3 quokkas
  A ball python (D:3)
  6 frilled lizards
  5 goblin zombies (Ossuary)
  4 hobgoblin zombies (Ossuary)
  3 kobold zombies (Ossuary)
  2 leopard gecko skeletons
  4 quokka zombies (Ossuary)
  7 rats
  3 rat zombies (Ossuary)
260 creatures vanquished.

Vanquished Creatures (collateral kills)
  A centaur (D:8)
  2 gnolls (D:8)
  A leopard gecko (D:8)
4 creatures vanquished.

Grand Total: 264 creatures vanquished

Notes
Turn   | Place    | Note
-------+----------+-------------------------------------------
     0 | D:1      | Delamore the Hill Orc Fighter began the quest for the Orb.
     0 | D:1      | Reached XP level 1. HP: 19/19 MP: 1/1
    49 | D:1      | Reached skill level 3 in Axes
    88 | D:1      | Reached XP level 2. HP: 26/26 MP: 2/2
   185 | D:1      | Reached skill level 4 in Axes
   433 | D:1      | Reached XP level 3. HP: 15/31 MP: 3/3
   609 | D:1      | Reached skill level 5 in Axes
   963 | D:2      | Reached XP level 4. HP: 39/39 MP: 4/4
  1653 | D:3      | Reached skill level 6 in Axes
  2050 | D:3      | Found a runed translucent door.
  2051 | D:3      | Noticed Crazy Yiuf
  2085 | D:3      | Reached XP level 5. HP: 44/45 MP: 5/5
  2086 | D:3      | Found a burning altar of Makhleb.
  2445 | D:3      | Killed Crazy Yiuf
  2445 | D:3      | Reached skill level 7 in Axes
  2769 | D:4      | Noticed an ogre
  2776 | D:4      | Killed an ogre
  2776 | D:4      | Reached skill level 8 in Axes
  2776 | D:4      | Reached XP level 6. HP: 17/51 MP: 6/6
  3066 | D:4      | Noticed Duvessa
  3067 | D:4      | Noticed Dowan
  3088 | D:4      | Killed Dowan
  3088 | D:4      | Reached skill level 9 in Axes
  3091 | D:4      | Killed Duvessa
  3091 | D:4      | Reached XP level 7. HP: 28/57 MP: 7/7
  3443 | D:4      | Noticed Blork the orc
  3448 | D:4      | Killed Blork the orc
  3448 | D:4      | Reached skill level 10 in Axes
  3492 | D:4      | Found a radiant altar of Vehumet.
  3498 | D:4      | Found a stormy altar of Qazlal.
  3499 | D:4      | Found a shimmering blue altar of Sif Muna.
  3499 | D:4      | Found a basalt altar of Yredelemnul.
  3501 | D:4      | Found an opulent altar of Gozag.
  3502 | D:4      | Found a shimmering altar of Xom.
  3507 | D:4      | Found an iron altar of Okawaru.
  3508 | D:4      | Found a hide-covered altar of Uskayaw.
  3513 | D:4      | Became a worshipper of Warmaster Okawaru
  3729 | D:4      | Got a topaz-studded chain mail
  3741 | D:4      | Identified the +1 chain mail "Antam" {MR- rCorr Str+2
                  | Int+5} (You found it on level 4 of the Dungeon)
  3865 | D:4      | Reached skill level 11 in Axes
  3989 | D:4      | Found a glowing golden altar of the Shining One.
  4110 | D:5      | Entered Level 5 of the Dungeon
  4210 | D:5      | Reached XP level 8. HP: 42/64 MP: 8/8
  4491 | D:5      | Found Miucemah's Magic Scroll Boutique.
  4491 | D:5      | You fall into a shaft and drop 3 floors!
  4525 | D:8      | Noticed Maurice
  4540 | D:8      | Reached * piety under Okawaru
  4540 | D:8      | Reached skill level 12 in Axes
  4552 | D:8      | Was placed under penance by Okawaru
  4557 | D:8      | Killed Maurice
  4557 | D:8      | Was forgiven by Okawaru
  4799 | D:7      | Reached skill level 13 in Axes
  5031 | D:6      | Found a staircase to the Ecumenical Temple.
  5089 | D:6      | Noticed Sigmund
  5100 | D:6      | Killed Sigmund
  5100 | D:6      | Reached skill level 14 in Axes
  5100 | D:6      | Reached XP level 9. HP: 67/70 MP: 9/9
  5155 | D:6      | Found a sand-covered staircase.
  5167 | Ossuary  | Entered an ossuary
  5325 | Ossuary  | Noticed Menkaure
  5345 | Ossuary  | Killed Menkaure
  5748 | Ossuary  | Reached ** piety under Okawaru
  5748 | Ossuary  | Reached skill level 15 in Axes
  6177 | D:5      | Bought a scroll of brand weapon for 200 gold pieces
  6177 | D:5      | Bought a scroll of magic mapping for 35 gold pieces
  6177 | D:5      | Bought a scroll of identify for 20 gold pieces
  6177 | D:5      | Bought a scroll of identify for 20 gold pieces
  6935 | D:7      | Reached skill level 16 in Axes
  7430 | D:8      | Reached XP level 10. HP: 77/77 MP: 10/10
  7506 | D:8      | Reached *** piety under Okawaru
  7583 | D:8      | Reached skill level 17 in Axes
  7877 | D:8      | Noticed Prince Ribbit
  7921 | D:8      | Killed Prince Ribbit
  8282 | D:9      | Found a flagged portal.
  8295 | Bailey   | Entered a bailey
  8569 | Bailey   | Noticed an orc knight
  8572 | Bailey   | Noticed an orc knight
  8585 | Bailey   | HP: 1/77 [orc knight/+0 battleaxe (14)]
  8740 | Bailey   | Mangled by an orc warrior

Levels and vault maps discovered:
D:1:      minmay_arrival_plants_in_alcoves, layout_basic, minmay_distorted
D:2:      layout_basic, serial_undead, serial_undead_b, serial_undead_e,
          serial_undead_f, serial_undead_a
D:3:      layout_basic, makhleb_heckhound_becter, uniq_crazy_yiuf_cottage
D:4:      layout_loops_ring, minitemple, tso_altar, uniq_duvessa,
          uniq_blork_the_orc
D:5:      black_bear_nest_2, layout_rooms, serial_shops, shop, first_ration
D:6:      layout_gridville, minmay_temple_entry_statues_pillars,
          gup_ossuary_entry_pyramid, minmay_misc_feat_plants,
          chequers_arboretum, nrook_pool_corridor, uniq_sigmund
D:7:      layout_rooms, grunt_ogre_cave
D:8:      layout_basic, uniq_maurice, uniq_prince_ribbit1
D:9:      layout_roguey, marbit_many_paths, orc_0_dummy, enter_bailey_3,
          serial_shops, shop, hive_lemuel
Bailey:   bailey_axe_minmay_hex_keep, bailey

Skill      XL: |  1  2  3  4  5  6  7  8  9 10 |
---------------+-------------------------------+-----
Axes           | 3 4 5 6 8 9 11 14 16 17 | 17.8
Fighting       | |  3.6
Armour         | |  3.2
Shields        | |  3.2

Action                   |  1- 3 |  4- 6 |  7- 9 | 10-12 || total
-------------------------+-------+-------+-------+-------++-------
Melee: War axe           |   102 |   134 |   502 |   182 ||   920
Throw: Dart              |     2 |     9 |     4 |       ||    15
Evoke: Wand              |       |       |     3 |       ||     3
  Use: Scroll            |       |       |     8 |     9 ||    17
       Potion            |       |       |     1 |     5 ||     6
 Stab: Invisible         |       |     1 |       |       ||     1
       Betrayed ally     |       |       |     1 |       ||     1
  Eat: Chunk             |       |     7 |    14 |     5 ||    26
Armor: Scale mail        |    48 |    44 |       |       ||    92
       Plate armour      |       |    17 |    10 |       ||    27
       Chain mail        |       |       |   180 |    71 ||   251
Dodge: Dodged            |    27 |    34 |    46 |    27 ||   134
Block: Shield            |    68 |    51 |   181 |    63 ||   363
